 Dungeon Crawl Stone Soup version 0.27-a0-1334-g2746e35aca (webtiles) character file.

Game seed: 17250448935620929515

102 funkygono the Gusty (level 4, -2/24 HPs)
             Began as a Tengu Air Elementalist on June 26, 2021.
             Slain by Duvessa (9 damage)
             ... on level 4 of the Dungeon.
             The game lasted 00:03:00 (1627 turns).

funkygono the Gusty (Tengu Air Elementalist)        Turns: 1627, Time: 00:03:00

Health: -2/24      AC:  4    Str:  8    XL:     4   Next: 77%
Magic:  1/9        EV: 13    Int: 16    God:
Gold:   97         SH:  0    Dex: 15    Spells: 2/8 levels left

rFire    . . .     SeeInvis .   d - +1 dagger (drain)
rCold    . . .     Faith    .   (no shield)
rNeg     . . .     Spirit   .   j - +2 robe {Will+}
rPois    .         Reflect  .   (helmet restricted)
rElec    .         Harm     .   (no cloak)
rCorr    .         Rampage  .   (no gloves)
Will     +....                  (boots unavailable)
Stlth    ++........             (no amulet)
HPRegen  0.08/turn              (no ring)
MPRegen  0.11/turn              (no ring)

@: very slightly contaminated
A: beak, talons 3
a: no special abilities


You were on level 4 of the Dungeon.
You visited 1 branch of the dungeon, and saw 3 of its levels.

You collected 97 gold pieces.

Inventory:

Hand Weapons
 b - a +0 whip
 d - a +1 dagger of draining (weapon)
Armour
 a - a +0 robe
 c - a +0 leather armour
 j - a +2 robe of willpower (worn)
Jewellery
 e - an amulet of guardian spirit
 k - a +4 ring of slaying
Scrolls
 i - a scroll of fear {unknown}
Potions
 f - 3 potions of magic {unknown}
 g - a potion of curing {unknown}
 h - 2 potions of flight {unknown}


   Skills:
 + Level 2.7 Dodging
 - Level 2.0 Stealth
 + Level 2.8 Spellcasting
 + Level 2.5 Conjurations
 + Level 5.6 Air Magic


You had 2 spell levels left.
You knew the following spells:

 Your Spells              Type           Power      Damage    Failure   Level
a - Shock                 Conj/Air       60%        1d6       3%          1
b - Static Discharge      Conj/Air       15%        N/A       5%          2
c - Swiftness             Air            20%        N/A       5%          3

Your spell library contained the following spells:

 Spells                   Type           Power      Damage    Failure   Level
 Airstrike                Air            10%        N/A       19%         4
 Lightning Bolt           Conj/Air       7%         1d20      69%         5


Dungeon Overview and Level Annotations

Branches:
Dungeon (2/15)

Altars:
Ashenzari

Annotations:
D:4 Dowan, Duvessa


Innate Abilities, Weirdness & Mutations

You have a beak for a mouth.
You have claws for feet.


Message History

Casting: Shock (safe; 3% risk of failure)
Confirm with . or Enter, or press ? or * to list all spells.
Aiming: Shock (safe; 3% risk of failure)
Press: ? - help, Shift-Dir - straight line, f/p - Duvessa
Aim: Duvessa, wielding a +0 short sword and wearing a +0 leather armour (moderately wounded, 75% to hit)
The zap hits Duvessa.
Duvessa is heavily wounded.
The zap hits Dowan.
Dowan is lightly wounded.
Dowan shouts!
Dowan mumbles some strange words.
Dowan blinks!
Casting: Shock (safe; 3% risk of failure)
Confirm with . or Enter, or press ? or * to list all spells.
Aiming: Shock (safe; 3% risk of failure)
Press: ? - help, Shift-Dir - straight line, f/p - Duvessa
Aim: Duvessa, wielding a +0 short sword and wearing a +0 leather armour (heavily wounded, 75% to hit)
The zap hits Duvessa.
Duvessa is heavily wounded.
Dowan says, "Stay away from my face!"
Dowan gestures at Duvessa while chanting.
Duvessa seems to speed up.
Casting: Shock (safe; 3% risk of failure)
Confirm with . or Enter, or press ? or * to list all spells.
Duvessa is struck by an arc of lightning.
Duvessa is severely wounded.
You are struck by an arc of lightning.
The lightning grounds out.
Duvessa hits you with a +0 short sword! Duvessa closely misses you.
Unknown command.
Casting: Static Discharge (safe; 5% risk of failure)
Confirm with . or Enter, or press ? or * to list all spells.
You don't have enough magic to cast this spell.
Unknown command.
You closely miss Duvessa. Your kick misses Duvessa.
Duvessa is severely wounded.
Duvessa hits you with a +0 short sword.
* * * LOW HITPOINT WARNING * * *
Unknown command.
Duvessa hits you with a +0 short sword!
You die...

###########
.###.#...#...##
.......>......#
.....(........#
#######'###..#########.##
##.###.###@e##..#......#
#.............e..........
#....................+..#
#......##...##.........#.
#......##...##..#####.#..
#...............# ..#.
#####..##..###..# ..#
#########..##.## ##.. ..
#....#........# #...


You could see Duvessa (fast) and Dowan.

Vanquished Creatures
  Jessica (D:2)
  A gnoll (D:1)
  3 adders (D:2)
  A dart slug (D:1)
  5 ball pythons
  4 endoplasms
  3 goblins (D:1)
  A hobgoblin (D:1)
  2 jackals (D:2)
  5 quokkas
  3 bats
  A frilled lizard (D:2)
  3 kobolds (D:1)
  4 rats
37 creatures vanquished.

Notes
Turn   | Place    | Note
-------+----------+-------------------------------------------
     0 | D:1      | funkygono the Tengu Air Elementalist began the quest for
                  | the Orb.
     0 | D:1      | Reached XP level 1. HP: 10/10 MP: 4/4
   246 | D:1      | Reached XP level 2. HP: 15/15 MP: 4/6
   249 | D:1      | Learned a level 2 spell: Static Discharge
   607 | D:1      | Reached XP level 3. HP: 19/19 MP: 0/7
   611 | D:1      | Learned a level 3 spell: Swiftness
   845 | D:2      | Found a broken altar of Ashenzari.
  1152 | D:2      | Reached XP level 4. HP: 20/24 MP: 5/9
  1288 | D:2      | Reached skill level 5 in Air Magic
  1399 | D:2      | Noticed Jessica
  1402 | D:2      | Killed Jessica
  1550 | D:2      | You fall into a shaft and drop 2 floors!
  1611 | D:4      | Noticed Duvessa
  1622 | D:4      | Noticed Dowan
  1627 | D:4      | Slain by Duvessa

Illustrated notes

Levels and vault maps discovered:
D:1:      mrwooster_arrival_statue, layout_rooms
D:2:      layout_basic, basic_altar, uniq_jessica
D:4:      layout_gridville, nemelex_dance_club_becter, kennysheep_mini_moat,
          nicolae_ashenzari_skybound, serial_shops, nicolae_diamond_shop,
          amcnicky_mini_pool_small, bh_walls_and_bars, uniq_duvessa, uniq_edmund

Skill      XL: |  1  2  3  4 |
---------------+-------------+-----
Conjurations   | 2 |  2.5
Air Magic      | 5 |  5.6
Dodging        | |  2.7
Stealth        | |  2.0
Spellcasting   | |  2.8

Action                   |  1- 3 |  4- 6 || total
-------------------------+-------+-------++-------
Melee: Dagger            |       |     2 ||     2
       Kick              |       |     1 ||     1
 Cast: Shock             |    57 |    25 ||    82
       Static Discharge  |     1 |     2 ||     3
Armor: Robe              |     1 |     1 ||     2
Dodge: Dodged            |     3 |     5 ||     8

Table legend: (Time is in decaauts)
 A = Elapsed time spent in this place.
 B = Non-inter-level travel time spent in this place.
 C = Inter-level travel time spent in this place.
 D = Time resting spent in this place.
 E = Time spent auto-exploring this place.
 F = Levels seen in this place.
 G = Mean time per level.
                   A        B        C        D        E       F      G
               +--------+--------+--------+--------+--------+-----+--------+
         Total |   1625 |   1593 |     32 |      0 |   1408 |   3 |  541.7 |
       Dungeon |   1625 |   1593 |     32 |      0 |   1408 |   3 |  541.7 |
               +--------+--------+--------+--------+--------+-----+--------+

Top non-repeatable levels by time:
     D:1: 838 daAuts
     D:2: 710 daAuts
     D:4: 76 daAuts
